 Dungeon Crawl Stone Soup version 0.30.0-29-ga12c61a403 (webtiles) character file.

Game seed: 5345896674291419208

78 seaoflcl the Shield-Bearer (level 4, -4/35 HPs)
             Began as a Human Fighter on June 5, 2023.
             Slain by a gnoll
             ... wielding a +0 flail
              (5 damage)
             ... on level 2 of the Dungeon.
             The game lasted 00:01:13 (1568 turns).

seaoflcl the Shield-Bearer (Human Fighter)          Turns: 1568, Time: 00:01:14

Health: -4/35      AC:  6    Str: 18    XL:     4   Next: 61%
Magic:  4/4        EV:  9    Int:  8    God:
Gold:   97         SH:  5    Dex: 13    Spells: 3/3 levels left

rFire   . . .        a - +0 long sword
rCold   . . .        c - +0 buckler
rNeg    . . .        b - +0 scale mail
rPois   .            (no helmet)
rElec   .            (no cloak)
rCorr   .            (no gloves)
SInv    .            (no boots)
Will    .....        (no amulet) Stlth
                     (no ring)
HPRegen 0.25/turn    (no ring)
MPRegen 0.09/turn

%: no passive effects
@: no status effects
A: no striking features
a: no special abilities


You were on level 2 of the Dungeon.
You visited 1 branch of the dungeon, and saw 2 of its levels.

You collected 97 gold pieces.

Inventory:

Hand Weapons
 a - a +0 long sword (weapon)
Armour
 b - a +0 scale mail (worn)
 c - a +0 buckler (worn)
Jewellery
 f - an amulet of regeneration
Scrolls
 e - a scroll of enchant armour {unknown}
 g - 2 scrolls of fog {unknown}
 j - a scroll of teleportation {unknown}
 k - a scroll of fear {unknown}
 l - 5 scrolls of identify {unknown}
Potions
 d - a potion of might
 h - a potion of degeneration {unknown}
 i - a potion of lignification {unknown}
 m - 2 potions of curing {unknown}


   Skills:
 + Level 3.4 Fighting
 * Level 3.1 Long Blades
 + Level 3.4 Armour
 + Level 3.5 Shields


You had 3 spell levels left.
You didn't know any spells.
Your spell library contained the following spells:

 Spells                   Type           Power      Damage    Failure   Level
 Apportation              Tloc           0%         N/A       86%         1
 Necrotise                Necr           0%         1d4       86%         1
 Summon Small Mammal      Summ           0%         N/A       86%         1


Dungeon Overview and Level Annotations

Branches:
Dungeon (2/15)

Altars:


Message History

The gnoll throws a throwing net.
The throwing net hits you.
You become entangled in the net!
Your Long Blades skill increases to level 3!
You tear a large gash into the net.
You struggle against the net.
The gnoll barely misses you.
You struggle against the net.
The gnoll hits you from afar with a +0 halberd.
A gnoll comes into view. It is wielding a +0 flail.
You shred the net and break free!
The gnoll shouts!
The gnoll hits you from afar with a +0 halberd.
The gnoll hits you with a +0 halberd!
You see here a +0 club.
You slash the gnoll!
The gnoll is severely wounded.
The gnoll closely misses you. The gnoll barely misses you.
You barely miss the gnoll.
The gnoll is severely wounded.
The gnoll hits you with a +0 halberd.
You slash the gnoll!
You kill the gnoll!
You slash the gnoll!
The gnoll is severely wounded.
The gnoll hits you with a +0 club.
You completely miss the gnoll.
The gnoll is severely wounded.
The gnoll hits you with a +0 club!
* * * LOW HITPOINT WARNING * * *
The gnoll hits you but does no damage.
You completely miss the gnoll.
The gnoll is severely wounded.
You block the gnoll's attack.
You hit the gnoll.
You kill the gnoll!
You closely miss the gnoll. The gnoll hits you with a +0 flail.
* * * LOW HITPOINT WARNING * * *
The gnoll hits you with a +0 flail!
* * * LOW HITPOINT WARNING * * *
You barely miss the gnoll. The gnoll hits you with a +0 flail.
You die...

..#.# ...(... #.#.# ....g. ....#
#...# #.### #...# #. #.## #...#
#. ...#######..# ###.##
.)......##..## ....#
...####.##...##############..#
#.#####.##.#...g@.........#).###
..##....##.#..#####.....#.#....#
..##..........#####..#..#.##.#.##
..##....####..##....###......)..†
..............##.##..#..###.##.##
#.###.#.####.###.##.....# #.##.#
#.###.#.# #.# #.####)### #.##.#
#.##....# #.###.####.#####.##.#
........# #.............##.##.#


You could see a gnoll.

Vanquished Creatures
  3 gnolls (D:2)
  An adder (D:2)
  2 worms (D:2)
  2 dart slugs (D:1)
  2 ball pythons (D:1)
  3 endoplasms
  A giant cockroach (D:2)
  3 hobgoblins
  A quokka (D:1)
  4 bats
  2 frilled lizards (D:2)
  3 goblins (D:2)
  4 kobolds
  2 rats
33 creatures vanquished.

Notes
Turn   | Place    | Note
-------+----------+-------------------------------------------
     0 | D:1      | seaoflcl the Human Fighter began the quest for the Orb.
     0 | D:1      | Reached XP level 1. HP: 18/18 MP: 1/1
   173 | D:1      | Reached XP level 2. HP: 20/24 MP: 2/2
   432 | D:1      | Found a faded altar of an unknown god.
   817 | D:2      | Reached XP level 3. HP: 29/29 MP: 3/3
  1543 | D:2      | Reached XP level 4. HP: 35/35 MP: 4/4
  1567 | D:2      | HP: 1/35 [gnoll/+0 flail (7)]
  1568 | D:2      | Slain by a gnoll

Illustrated notes

Levels and vault maps discovered:
D:1:      eino_arrival_water_cross, layout_basic,
          shapermc_ecumenical_altar_notcrosses, minmay_misc_feat_doors
D:2:      layout_loops_ring

Skill      XL: |  1  2  3  4 |
---------------+-------------+-----
Long Blades    | 3 |  3.1
Fighting       | |  3.4
Armour         | |  3.4
Shields        | |  3.5

Action                     |  1- 3 |  4- 6 || total
---------------------------+-------+-------++-------
  Melee: Long sword        |   100 |    13 ||   113
 Armour: Scale mail        |    47 |     1 ||    48
  Dodge: Dodged            |    50 |     4 ||    54
  Block: Buckler           |    23 |     2 ||    25
